 Dungeon Crawl Stone Soup version 0.21.0 (webtiles) character file.

33 mopl the Slasher (level 3, -3/21 HPs)
             Began as a Tengu Skald on Jan 7, 2018.
             Slain by Crazy Yiuf
             ... wielding a +4 quarterstaff of chaos
              (11 damage)
             ... on level 2 of the Dungeon.
             The game lasted 00:01:40 (1345 turns).

mopl the Slasher (Tengu Skald)                      Turns: 1345, Time: 00:01:40

Health: -3/21      AC: 10    Str: 12    XL:     3   Next: 29%
Magic:  6/7        EV:  9    Int: 13    God:
Gold:   63         SH:  0    Dex: 13    Spells: 1/6 levels left

rFire    . . .     SeeInvis .   a - +0 falchion
rCold    . . .     Gourm    .   (no shield)
rNeg     . . .     Faith    .   j - +2 scale mail {rPois}
rPois    +         Spirit   .   (helmet restricted)
rElec    .         Reflect  .   (no cloak)
rCorr    .         Harm     .   (no gloves)
MR       .....                  (boots unavailable)
Stlth    ..........             (no amulet)
HPRegen  0.07/turn              o - +2 ring of protection
MPRegen  0.10/turn              (no ring)

@: very slightly contaminated
A: beak, talons 3
a: no special abilities


You were on level 2 of the Dungeon.
You were hungry.

You visited 1 branch of the dungeon, and saw 2 of its levels.

You collected 63 gold pieces.

Inventory:

Hand Weapons
 a - a +0 falchion (weapon)
 n - a cursed -1 rapier
Armour
 b - a +0 leather armour
 g - a +0 ring mail
 j - a +2 scale mail of poison resistance (worn)
Jewellery
 o - a +2 ring of protection (left hand)
Scrolls
 h - 2 scrolls of teleportation {unknown}
 i - 2 scrolls of identify {unknown}
 k - a scroll of random uselessness {unknown}
 l - a scroll of remove curse {unknown}
 p - a scroll of fog {unknown}
 q - a scroll of immolation {unknown}
Potions
 e - a potion of heal wounds {unknown}
 f - 2 potions of mutation {unknown}
 m - a potion of magic {unknown}
Books
 c - a book of Battle

   Spells                             Type                      Level
   a - Infusion                       Charms                       1
   b - Shroud of Golubria             Charms/Translocation         2
   c - Song of Slaying                Charms                       2
   d - Spectral Weapon                Hexes/Charms                 3
   e - Regeneration                   Charms/Necromancy            3
Comestibles
 d - 4 rations


   Skills:
 - Level 2.0 Fighting
 * Level 4.0 Long Blades
 - Level 1.1 Armour
 - Level 2.1 Dodging
 - Level 2.0 Spellcasting
 - Level 2.4 Charms


You had one spell level left.
You knew the following spells:

 Your Spells              Type           Power        Failure   Level  Hunger
a - Infusion              Chrm           #...         45%         1    ##.....
b - Song of Slaying       Chrm           #.......     58%         2    ###....
f - Shroud of Golubria    Chrm/Tloc      #.........   77%         2    ###....


Dungeon Overview and Level Annotations

Branches:
Dungeon (2/15)

Altars:
Dithmenos

Annotations:
D:2 Crazy Yiuf


Innate Abilities, Weirdness & Mutations

You have a beak for a mouth.
You have claws for feet.


Message History

Found a mace.
Casting: Infusion
Confirm with . or Enter, or press ? or * to list all spells.
You miscast Infusion.
You are very lightly contaminated with residual magic.
Your hands glow momentarily.
You are feeling hungry.
You closely miss Crazy Yiuf. Your kick misses Crazy Yiuf.
Your peck misses Crazy Yiuf.
Crazy Yiuf grits, "Iron!"
Crazy Yiuf hits you with a quarterstaff of chaos!
Crazy Yiuf burns you.
You hit Crazy Yiuf. You claw Crazy Yiuf.
Crazy Yiuf is moderately wounded.
Crazy Yiuf hits you with a quarterstaff of chaos.
You hit Crazy Yiuf. Your kick misses Crazy Yiuf.
Crazy Yiuf is heavily wounded.
Crazy Yiuf hits you with a quarterstaff of chaos!
Ouch! That really hurt!
You die...

#.# #.# #..##.# #)#
### #...... #.#
#.###.# #.# #####
##.##... ###.### #)..#
#####...#... #.....#
#...# #.<).....(..
#.....# ...
#####....... #.....#
#g# ##.#.... #.....#
♣@♣♣ #.#.... #..†..#
♣♣.♣ #...... #####.#
♣.♣♣ #...... #.# ♣♣.♣
#...... #.# ♣♣.♣♣
##..... #.# ♣.P.♣
#..### #.# ♣.PP♣
#######..# #.# ##..##
#....##..# #.#
####....######.##..###


You could see Crazy Yiuf.

Vanquished Creatures
  2 dart slugs
  A leopard gecko (D:2)
  2 giant cockroaches
  A goblin (D:2)
  5 hobgoblins
  3 kobolds (D:2)
  A quokka (D:2)
  4 bats
  5 frilled lizards
  4 rats
  2 fungi (D:2)
30 creatures vanquished.

Notes
Turn   | Place    | Note
-------+----------+-------------------------------------------
     0 | D:1      | mopl the Tengu Skald began the quest for the Orb.
     0 | D:1      | Reached XP level 1. HP: 12/12 MP: 4/4
   298 | D:1      | Reached XP level 2. HP: 17/17 MP: 6/6
   316 | D:1      | Learned a level 2 spell: Song of Slaying
   319 | D:1      | Learned a level 2 spell: Shroud of Golubria
   436 | D:1      | Reached skill level 3 in Long Blades
   937 | D:2      | Reached XP level 3. HP: 21/21 MP: 7/7
  1219 | D:2      | Reached skill level 4 in Long Blades
  1221 | D:2      | Found a shadowy altar of Dithmenos.
  1336 | D:2      | Found a runed door.
  1340 | D:2      | Noticed Crazy Yiuf
  1345 | D:2      | Slain by Crazy Yiuf

Skill      XL: |  1  2  3 |
---------------+----------+-----
Long Blades    | 3 4 |  4.0
Fighting       | |  2.0
Armour         | |  1.1
Dodging        | |  2.1
Spellcasting   | |  2.0
Charms         | |  2.4

Action                   || total
-------------------------++-------
Melee: Falchion          ||    70
       Kick              ||    22
       Peck              ||     5
 Cast: Infusion          ||     2
  Eat: Chunk             ||     1
Armor: Leather armour    ||     5
       Scale mail        ||    20
       Ring mail         ||     1
Dodge: Dodged            ||    31
       Rpst.: Falchion   ||    10
